A E
NEW JERSEY JACKALS @ MYRTLE BEACH PELICANS
08/19/2030
 
TOP OF THE 1ST
New Jersey Jackals batting - Pitching for Myrtle Beach Pelicans : RHP Craig Wilson Jr.
Pitching: RHP Craig Wilson Jr.
Batting: RHB Mike Thames 0-0: Fly out, F4 (Popup, 34S, EV 80.0 MPH)
Batting: RHB A.J. Shipley 0-0: Foul Ball, location: 2F
0-1: Ball
1-1: Swinging Strike
1-2: Foul Ball, location: 25FF
1-2: Ball
2-2: Ball
3-2: Strikes out swinging
Batting: SHB Bobby Cerna 0-0: Called Strike
0-1: Ball
1-1: Foul Ball, location: 2F
1-2: Foul Ball, location: 7LDF
1-2: Ball
2-2: Ball
3-2: SOLO HOME RUN (Flyball, 9D, EV 98.1 MPH), Distance : 372 ft
Batting: LHB Jerrod Cupples 0-0: Ball
1-0: Called Strike
1-1: Ground out 6-3 (Groundball, 6, EV 82.5 MPH)
Top of the 1st over - 1 run, 1 hit, 0 errors, 0 left on base; New Jersey 1 - Myrtle Beach 0
BOTTOM OF THE 1ST
Myrtle Beach Pelicans batting - Pitching for New Jersey Jackals : RHP Ed Flores
Pitching: RHP Ed Flores
Batting: RHB Tommy Thomson 0-0: Ball
1-0: Foul Ball, location: 2F
1-1: Swinging Strike
1-2: Strikes out swinging
Batting: RHB Christian Washington 0-0: Ball
1-0: Ball
2-0: Called Strike
2-1: Foul Ball, location: 5DF
2-2: Ground out 5-3 (Groundball, 56, EV 90.6 MPH)
Batting: RHB Jeff Shumaker 0-0: Ball
1-0: Ball
2-0: Ground out 6-3 (Groundball, 6M, EV 81.9 MPH)
Bottom of the 1st over - 0 runs, 0 hits, 0 errors, 0 left on base; New Jersey 1 - Myrtle Beach 0
TOP OF THE 2ND
New Jersey Jackals batting - Pitching for Myrtle Beach Pelicans : RHP Craig Wilson Jr.
Batting: LHB Jake Fuller 0-0: Ball
1-0: Swinging Strike
1-1: Ball
2-1: Ball
3-1: Base on Balls
Batting: RHB Matt Swedlove 0-0: Ball
1-0: Called Strike
1-1: Foul Ball, location: 7LDF
1-2: Foul Ball, location: 3DF
1-2: Ball
2-2: Ball
3-2: SINGLE (Groundball, 4MD, EV 101.3 MPH)
Jake Fuller to second
Batting: RHB Jaisten Redding 0-0: Ball
1-0: Grounds into double play, 6-4-3 (Groundball, 6, EV 78.1 MPH)
Jake Fuller to third
Batting: LHB Jeff Furst 0-0: Called Strike
0-1: Fly out, F4 (Popup, 3S, EV 86.9 MPH)
Top of the 2nd over - 0 runs, 1 hit, 0 errors, 1 left on base; New Jersey 1 - Myrtle Beach 0
BOTTOM OF THE 2ND
Myrtle Beach Pelicans batting - Pitching for New Jersey Jackals : RHP Ed Flores
Batting: LHB Brad Piermarini 0-0: Foul Ball, location: 3FF
0-1: Ball
1-1: Ball
2-1: Foul Ball, location: 2F
2-2: Ball
3-2: Strikes out swinging
Batting: SHB Jeremy Jordan 0-0: Ball
1-0: Fly out, F7 (Line Drive, 7LS, EV 100.0 MPH)
Batting: LHB Chris Warren 0-0: Ball
1-0: Fly out, F3 (Line Drive, 3, EV 65.6 MPH)
Bottom of the 2nd over - 0 runs, 0 hits, 0 errors, 0 left on base; New Jersey 1 - Myrtle Beach 0
TOP OF THE 3RD
New Jersey Jackals batting - Pitching for Myrtle Beach Pelicans : RHP Craig Wilson Jr.
Batting: RHB Juan Santander 0-0: Fly out, F3 (Popup, 3F, EV 63.8 MPH)
Batting: RHB Mike Thames 0-0: Called Strike
0-1: Bunt for hit to 15S - play at first, batter OUT! 1-3
Batting: RHB A.J. Shipley 0-0: Called Strike
0-1: Foul Ball, location: 9LDF
0-2: Ball
1-2: Strikes out swinging
Top of the 3rd over - 0 runs, 0 hits, 0 errors, 0 left on base; New Jersey 1 - Myrtle Beach 0
BOTTOM OF THE 3RD
Myrtle Beach Pelicans batting - Pitching for New Jersey Jackals : RHP Ed Flores
Batting: RHB Bobby Reinert 0-0: Called Strike
0-1: Foul Ball, location: 2F
0-2: Ball
1-2: Strikes out looking
Batting: RHB Andy Stirton 0-0: Fly out, F9 (Flyball, 9, EV 85.6 MPH)
Batting: LHB Jeremy Taylor 0-0: Ball
1-0: SINGLE (Groundball, 2L, EV 71.3 MPH) (infield hit)
Batting: RHB Tommy Thomson 0-0: Ball
1-0: Foul Ball, location: 2LF
1-1: Ball
2-1: Foul Ball, location: 3DF
2-2: Ball
3-2: Base on Balls
Jeremy Taylor to second
Batting: RHB Christian Washington 0-0: Foul Ball, location: 3DF
0-1: Foul Ball, location: 2F
0-2: Ball
1-2: Foul Ball, location: 2F
1-2: Foul Ball, location: 2F
1-2: Ball
2-2: Ball
3-2: Fly out, F7 (Flyball, 7S, EV 96.9 MPH)
Bottom of the 3rd over - 0 runs, 1 hit, 0 errors, 2 left on base; New Jersey 1 - Myrtle Beach 0
TOP OF THE 4TH
New Jersey Jackals batting - Pitching for Myrtle Beach Pelicans : RHP Craig Wilson Jr.
Batting: SHB Bobby Cerna 0-0: Foul Ball, location: 2F
0-1: Ball
1-1: Foul Ball, location: 2F
1-2: Ball
2-2: Ball
3-2: Foul Ball, location: 2F
3-2: Ground out 6-3 (Groundball, 6, EV 86.9 MPH)
Batting: LHB Jerrod Cupples 0-0: Ball
1-0: Foul Ball, location: 2F
1-1: Fly out, F7 (Line Drive, 7S, EV 93.8 MPH)
Batting: LHB Jake Fuller 0-0: Ball
1-0: Called Strike
1-1: Called Strike
1-2: Strikes out swinging
Top of the 4th over - 0 runs, 0 hits, 0 errors, 0 left on base; New Jersey 1 - Myrtle Beach 0
BOTTOM OF THE 4TH
Myrtle Beach Pelicans batting - Pitching for New Jersey Jackals : RHP Ed Flores
Batting: RHB Jeff Shumaker 0-0: Called Strike
0-1: Called Strike
0-2: Ball
1-2: Foul Ball, location: 2F
1-2: Strikes out looking
Batting: LHB Brad Piermarini 0-0: Ball
1-0: Ball
2-0: Ball
3-0: Base on Balls
Batting: SHB Jeremy Jordan 0-0: Called Strike
0-1: Ball
1-1: Fly out, F8 (Line Drive, 8RD, EV 91.3 MPH)
Batting: LHB Chris Warren 0-0: Ball
1-0: Ball
2-0: Ball
3-0: Base on Balls
Brad Piermarini to second
Batting: RHB Bobby Reinert 0-0: Ball
1-0: Ball
2-0: Called Strike
2-1: Foul Ball, location: 3F
2-2: Foul Ball, location: 5DF
2-2: Fly out, F8 (Flyball, 8LD, EV 81.3 MPH)
Bottom of the 4th over - 0 runs, 0 hits, 0 errors, 2 left on base; New Jersey 1 - Myrtle Beach 0
TOP OF THE 5TH
New Jersey Jackals batting - Pitching for Myrtle Beach Pelicans : RHP Craig Wilson Jr.
Batting: RHB Matt Swedlove 0-0: Called Strike
0-1: Ball
1-1: Swinging Strike
1-2: Strikes out swinging
Batting: RHB Jaisten Redding 0-0: Ball
1-0: Called Strike
1-1: Swinging Strike
1-2: DOUBLE (Flyball, 78D, EV 106.9 MPH)
Batting: LHB Jeff Furst 0-0: Called Strike
0-1: Ball
1-1: Ball
2-1: Ball
3-1: Fly out, F1 (Popup, P, EV 86.9 MPH)
Batting: RHB Juan Santander 0-0: Ball
1-0: Ball
2-0: Foul Ball, location: 9LMF
2-1: Ball
3-1: Swinging Strike
3-2: Base on Balls
Batting: RHB Mike Thames 0-0: Ball
1-0: Fly out, F7 (Flyball, 7, EV 93.1 MPH)
Top of the 5th over - 0 runs, 1 hit, 0 errors, 2 left on base; New Jersey 1 - Myrtle Beach 0
BOTTOM OF THE 5TH
Myrtle Beach Pelicans batting - Pitching for New Jersey Jackals : RHP Ed Flores
Batting: RHB Andy Stirton 0-0: Called Strike
0-1: Foul Ball, location: 5FF
0-2: Fly out, F9 (Flyball, 9, EV 89.4 MPH)
Batting: LHB Jeremy Taylor 0-0: Swinging Strike
0-1: Ball
1-1: Fly out, F8 (Flyball, 8RD, EV 100.0 MPH)
Batting: RHB Tommy Thomson 0-0: Bunt missed!
0-1: Ball
1-1: Foul Ball, location: 3SF
1-2: Ball
2-2: Ball
3-2: Foul Ball, location: 5DF
3-2: Fly out, F3 (Popup, 34, EV 40.0 MPH)
Bottom of the 5th over - 0 runs, 0 hits, 0 errors, 0 left on base; New Jersey 1 - Myrtle Beach 0
TOP OF THE 6TH
New Jersey Jackals batting - Pitching for Myrtle Beach Pelicans : RHP Craig Wilson Jr.
Batting: RHB A.J. Shipley 0-0: Foul Ball, location: 9LDF
0-1: Swinging Strike
0-2: Ball
1-2: Fly out, F9 (Flyball, 9, EV 89.4 MPH)
Batting: SHB Bobby Cerna 0-0: Ball
1-0: Called Strike
1-1: Foul Ball, location: 2F
1-2: Ball
2-2: Foul Ball, location: 2F
2-2: Foul Ball, location: 7LSF
2-2: Ground out U3 (Groundball, 23, EV 91.3 MPH)
Batting: LHB Jerrod Cupples 0-0: Ball
1-0: Ground out 6-3 (Groundball, 6MD, EV 102.5 MPH)
Top of the 6th over - 0 runs, 0 hits, 0 errors, 0 left on base; New Jersey 1 - Myrtle Beach 0
BOTTOM OF THE 6TH
Myrtle Beach Pelicans batting - Pitching for New Jersey Jackals : RHP Ed Flores
Batting: RHB Christian Washington 0-0: Ball
1-0: Called Strike
1-1: Ball
2-1: Fly out, F1 (Popup, P, EV 63.8 MPH)
Batting: RHB Jeff Shumaker 0-0: Called Strike
0-1: Called Strike
0-2: Ball
1-2: Ground out 6-3 (Groundball, 6, EV 98.8 MPH)
Batting: LHB Brad Piermarini 0-0: Swinging Strike
0-1: Ball
1-1: Foul Ball, location: 23FF
1-2: Strikes out swinging
Bottom of the 6th over - 0 runs, 0 hits, 0 errors, 0 left on base; New Jersey 1 - Myrtle Beach 0
TOP OF THE 7TH
New Jersey Jackals batting - Pitching for Myrtle Beach Pelicans : RHP Craig Wilson Jr.
Batting: LHB Jake Fuller 0-0: Ball
1-0: Ball
2-0: Foul Ball, location: 25F
2-1: Ground out 4-3 (Groundball, 4, EV 84.4 MPH)
Batting: RHB Matt Swedlove 0-0: Ball
1-0: Foul Ball, location: 9LSF
1-1: Foul Ball, location: 3FF
1-2: Ball
2-2: Fly out, F8 (Line Drive, 8LD, EV 92.5 MPH)
Batting: RHB Jaisten Redding 0-0: Called Strike
0-1: Swinging Strike
0-2: Ball
1-2: Ball
2-2: Foul Ball, location: 5FF
2-2: Ball
3-2: Foul Ball, location: 25F
3-2: Base on Balls
Pitching: RHP Nate Vale
Batting: LHB Jeff Furst 0-0: Foul Ball, location: 2F
0-1: Swinging Strike
0-2: Foul Ball, location: 2LF
0-2: Ball
1-2: Strikes out swinging
Top of the 7th over - 0 runs, 0 hits, 0 errors, 1 left on base; New Jersey 1 - Myrtle Beach 0
BOTTOM OF THE 7TH
Myrtle Beach Pelicans batting - Pitching for New Jersey Jackals : RHP Ed Flores
Pitching: LHP Jody Harwood
Batting: SHB Jeremy Jordan 0-0: Called Strike
0-1: Ball
1-1: Ground out 6-3 (Groundball, 6, EV 109.4 MPH)
Pinch Hitting: SHB Al McGowan 0-0: Called Strike
0-1: Ball
1-1: Ball
2-1: Called Strike
2-2: Ball
3-2: Base on Balls
Batting: RHB Bobby Reinert 0-0: Ball
1-0: Ball
2-0: Ball
3-0: Base on Balls
Al McGowan to second
Batting: RHB Andy Stirton 0-0: Ball
1-0: Called Strike
Al McGowan steals 3rd base
1-1: Foul Ball, location: 25F
1-2: Foul Ball, location: 25F
1-2: Grounds into double play, 4-6-3 (Groundball, 4M, EV 101.9 MPH)
Bottom of the 7th over - 0 runs, 0 hits, 0 errors, 1 left on base; New Jersey 1 - Myrtle Beach 0
TOP OF THE 8TH
New Jersey Jackals batting - Pitching for Myrtle Beach Pelicans : RHP Nate Vale
Now in CF: Jimmy Deffenbaugh
Batting: RHB Juan Santander 0-0: Ball
1-0: Swinging Strike
1-1: Foul Ball, location: 2F
1-2: Strikes out swinging
Batting: RHB Mike Thames 0-0: Ball
1-0: Ball
2-0: Called Strike
2-1: Foul Ball, location: 2F
2-2: Ball
3-2: Strikes out swinging, 2-3 out at first.
Batting: RHB A.J. Shipley 0-0: Ball
1-0: Ball
2-0: Called Strike
2-1: Foul Ball, location: 2F
2-2: Foul Ball, location: 9LSF
2-2: Ball
3-2: Foul Ball, location: 2F
3-2: Foul Ball, location: 3F
3-2: Foul Ball, location: 2F
3-2: Base on Balls
Batting: SHB Bobby Cerna 0-0: Called Strike
0-1: DOUBLE (Line Drive, 8LXD, EV 106.3 MPH)
A.J. Shipley to third
Batting: LHB Jerrod Cupples 0-0: Ball
1-0: Ball
2-0: Swinging Strike
2-1: Foul Ball, location: 7LMF
2-2: Ball
3-2: Foul Ball, location: 25F
3-2: Foul Ball, location: 25F
3-2: Base on Balls
Batting: LHB Jake Fuller 0-0: Called Strike
0-1: Ball
1-1: Ball
2-1: Swinging Strike
2-2: Ball
3-2: Foul Ball, location: 2F
3-2: Foul Ball, location: 7LMF
3-2: Foul Ball, location: 3FF
3-2: Fly out, F9 (Flyball, 89S, EV 91.9 MPH)
Top of the 8th over - 0 runs, 1 hit, 0 errors, 3 left on base; New Jersey 1 - Myrtle Beach 0
BOTTOM OF THE 8TH
Myrtle Beach Pelicans batting - Pitching for New Jersey Jackals : LHP Jody Harwood
Now at 1B: Erik Webb
Pinch Hitting: LHB Dave Sams 0-0: Swinging Strike
0-1: Foul Ball, location: 2F
0-2: Ball
1-2: Strikes out swinging
Batting: RHB Tommy Thomson 0-0: SINGLE (Line Drive, 56, EV 97.5 MPH)
Batting: RHB Christian Washington 0-0: Foul Ball, location: 5F
0-1: Ball
1-1: Ball
2-1: Swinging Strike
2-2: Strikes out swinging
Pitching: RHP Inácio De Albreuin
Now at 1B: Junior Mathis
Now in LF: Erik Webb
Batting: RHB Jeff Shumaker 0-0: Foul Ball, location: 23F
0-1: Swinging Strike
0-2: Foul Ball, location: 2F
0-2: SINGLE (Groundball, 6, EV 82.5 MPH)
Tommy Thomson to second
Runner from 2nd tries for 3rd, SAFE, throw by CF made to third
Batting: LHB Brad Piermarini 0-0: Ball
1-0: Called Strike
1-1: Foul Ball, location: 2F
1-2: Foul Ball, location: 25F
1-2: Ball
2-2: Ball
3-2: Foul Ball, location: 3SF
3-2: Fly out, F7 (Flyball, 7, EV 91.9 MPH)
Bottom of the 8th over - 0 runs, 2 hits, 0 errors, 2 left on base; New Jersey 1 - Myrtle Beach 0
TOP OF THE 9TH
New Jersey Jackals batting - Pitching for Myrtle Beach Pelicans : RHP Nate Vale
Pitching: RHP Brooks Thibault
Now in RF: Dave Sams
Batting: RHB Matt Swedlove 0-0: Called Strike
0-1: Ball
1-1: Ball
2-1: Ball
3-1: Foul Ball, location: 5DF
3-2: Foul Ball, location: 7LMF
3-2: Base on Balls
Batting: RHB Jaisten Redding 0-0: Called Strike
0-1: Ball
1-1: Grounds into double play, 1-4-3 (Groundball, 15S, EV 71.3 MPH)
Batting: LHB Jeff Furst 0-0: Ball
1-0: Called Strike
1-1: Foul Ball, location: 7LDF
1-2: Ball
2-2: Strikes out swinging
Top of the 9th over - 0 runs, 0 hits, 0 errors, 0 left on base; New Jersey 1 - Myrtle Beach 0
BOTTOM OF THE 9TH
Myrtle Beach Pelicans batting - Pitching for New Jersey Jackals : RHP Inácio De Albreuin
Batting: SHB Jeremy Jordan 0-0: Ground out U3 (Groundball, 3, EV 86.9 MPH)
Pinch Hitting: RHB Jose Meza 0-0: Called Strike
0-1: Ground out 6-3 (Groundball, 6S, EV 85.0 MPH)
Pinch Hitting: LHB Bobby Waller 0-0: Fly out, F8 (Flyball, 8RXD, EV 97.5 MPH)
Bottom of the 9th over - 0 runs, 0 hits, 0 errors, 0 left on base; New Jersey 1 - Myrtle Beach 0
Friday, April 12th , 2024 - OOTP Baseball 24.7 Build 72